 Dungeon Crawl Stone Soup version 0.27-a0-1140-g099f9bb0e8 (webtiles) character file.

Game seed: 6019777238728058384

161 tilp the Chiller (level 4, -1/36 HPs)
             Began as a Demigod Ice Elementalist on May 9, 2021.
             Slain by a shadow (5 damage)
             ... on level 4 of the Dungeon.
             The game lasted 00:06:20 (3515 turns).

tilp the Chiller (Demigod Ice Elementalist)         Turns: 3515, Time: 00:06:21

Health: -1/36      AC: 10    Str:  9    XL:     4   Next: 98%
Magic:  15/20      EV: 12    Int: 21    God:
Gold:   129        SH:  0    Dex: 14    Spells: 1/8 levels left

rFire    . . .     SeeInvis .   a - +0 rapier
rCold    . . .     Faith    .   (no shield)
rNeg     . . .     Spirit   .   e - +0 robe
rPois    .         Reflect  .   (no helmet)
rElec    .         Harm     .   (no cloak)
rCorr    +         Rampage  .   b - +1 pair of gloves
Will     .....                  (no boots)
Stlth    ++........             (no amulet)
HPRegen  0.12/turn              i - ring of resist corrosion
MPRegen  0.17/turn              h - ring of magical power

@: ice-armoured
A: high mp 1, forlorn
a: no special abilities


You were on level 4 of the Dungeon.
You visited 1 branch of the dungeon, and saw 4 of its levels.

You collected 129 gold pieces.

Inventory:

Hand Weapons
 a - a +0 rapier (weapon)
Missiles
 d - 19 poisoned darts (quivered)
 f - 35 stones
Armour
 b - a +1 pair of gloves (worn)
 e - a +0 robe (worn)
 j - a +0 leather armour
Jewellery
 h - a ring of magical power (right hand)
 i - a ring of resist corrosion (left hand)
Scrolls
 l - a scroll of vulnerability {unknown}
 m - 2 scrolls of identify
Potions
 c - a potion of brilliance
 g - a potion of resistance
 k - a potion of heal wounds
 o - a potion of attraction


   Skills:
 - Level 2.0 Fighting
 - Level 2.0 Dodging
 - Level 2.0 Stealth
 + Level 2.9 Spellcasting
 + Level 4.6 Ice Magic


You had one spell level left.
You knew the following spells:

 Your Spells              Type           Power      Damage    Failure   Level
a - Freeze                Ice            88%        1d10      1%          1
b - Frozen Ramparts       Ice            44%        1d6       6%          3
c - Ozocubu's Armour      Ice            22%        N/A       6%          3

Your spell library contained the following spells:

 Spells                   Type           Power      Damage    Failure   Level
 Portal Projectile        Hex/Tloc       6%         N/A       38%         3
 Tukima's Dance           Hex            3%         N/A       38%         3
 Hailstorm                Conj/Ice       12%        3d5       45%         4
 Fulminant Prism          Conj/Hex       1%         3d6       80%         4
 Metabolic Englaciation   Hex/Ice        6%         N/A       82%         5
 Discord                  Hex            1%         N/A       100%        8


Dungeon Overview and Level Annotations

Branches:
Dungeon (4/15)
 Temple: D:4-7


Innate Abilities, Weirdness & Mutations

Your attributes grow dramatically as you level up.
You have an increased reservoir of magic. (+10% MP)
You shall have no god before yourself.


Message History

The shadow hits you.
The wall freezes the iguana.
The iguana seems to slow down.
The shadow completely resists.
The wall freezes the shadow but does no damage.
The shadow barely misses you.
You hit the shadow.
The shadow is moderately damaged.
The shadow completely resists.
The wall freezes the shadow but does no damage.
The shadow hits you.
Unknown command.
You hit the shadow.
The shadow is heavily damaged.
The wall freezes the iguana.
The shadow completely resists.
The wall freezes the shadow but does no damage.
The shadow hits you.
Unknown command.
You hit the shadow.
The shadow is heavily damaged.
The shadow completely resists.
The wall freezes the shadow but does no damage.
The shadow hits you.
The wall freezes the iguana.
You kill the iguana!
You hit the shadow but do no damage.
The shadow is heavily damaged.
The frozen ramparts melt away.
The shadow barely misses you.
Unknown command.
You hit the shadow but do no damage.
The shadow is heavily damaged.
The shadow barely misses you. The shadow hits you!
* * * LOW HITPOINT WARNING * * *
Unknown command.
You hit the shadow.
The shadow is severely damaged.
The shadow hits you.
* * * LOW HITPOINT WARNING * * *
Unknown command.
You hit the shadow but do no damage.
The shadow is severely damaged.
The shadow hits you.
You die...

###.#..# ...
#...##.## ..##
#....#...# ...
#....###..# ..#
##....####..#..
##)............# ..
#..#...######..##....
#)##....#####....#?.
#..
#.......@W....>...
#..#
#...##..##.###(.##
#.# #####...##..# ...
#. #..#.###.# # #
#.##.# .. ... ..# ##.
.... ... .. ... )#.
..


You could see a shadow.

Vanquished Creatures
  A hound (D:4)
  An iguana (D:4)
  2 adders
  A shadow imp (D:3)
  2 worms
  2 dart slugs (D:1)
  4 orcs
  6 bats
  3 endoplasms
  2 giant cockroaches
  4 goblins
  6 hobgoblins
  4 jackals (D:1)
  3 quokkas
  5 ball pythons
  4 frilled lizards
  4 kobolds
  10 rats
64 creatures vanquished.

Notes
Turn   | Place    | Note
-------+----------+-------------------------------------------
     0 | D:1      | tilp the Demigod Ice Elementalist began the quest for the
                  | Orb.
     0 | D:1      | Reached XP level 1. HP: 14/14 MP: 5/5
   214 | D:1      | Reached skill level 4 in Ice Magic
   234 | D:1      | Reached XP level 2. HP: 20/20 MP: 7/7
   598 | D:1      | Reached skill level 1 in Fighting
  1074 | D:2      | Reached XP level 3. HP: 28/28 MP: 6/8
  1078 | D:2      | Learned a level 3 spell: Frozen Ramparts
  1838 | D:2      | Identified Sif Muna's Grimoire of Bewitchment
  2590 | D:3      | Reached XP level 4. HP: 33/36 MP: 10/10
  2614 | D:3      | Learned a level 3 spell: Ozocubu's Armour
  2876 | D:3      | HP: 1/36 [shadow imp/nerve-wracking pain (11)]
  3414 | D:4      | Noticed a shadow
  3515 | D:4      | Slain by a shadow

Illustrated notes

Levels and vault maps discovered:
D:1:      mrwooster_arrival_statue_3, layout_loops_ring, kennysheep_doodads
D:2:      layout_loops_corners, basic_altar
D:3:      layout_basic, hangedman_decor_opposing, serial_park_tiny_pond
D:4:      layout_rooms, amcnicky_altar_gilded, bh_walls_and_bars

Skill      XL: |  1  2  3 |
---------------+----------+-----
Spellcasting   | 2 |  2.9
Ice Magic      | 4 |  4.6
Dodging        | 2 |  2.0
Stealth        | 2 |  2.0
Fighting       | 1 2 |  2.0

Action                   |  1- 3 |  4- 6 || total
-------------------------+-------+-------++-------
Melee: Unarmed           |     8 |       ||     8
       Rapier            |    57 |    33 ||    90
Throw: Dart              |     3 |       ||     3
 Cast: Freeze            |    44 |    15 ||    59
       Frozen Ramparts   |     2 |     1 ||     3
       Ozocubu's Armour  |       |     1 ||     1
  Use: Scroll            |     1 |     6 ||     7
       Potion            |       |     1 ||     1
 Stab: Sleeping          |    11 |     1 ||    12
Armor: Robe              |    14 |     8 ||    22
Dodge: Dodged            |    47 |    21 ||    68

Table legend: (Time is in decaauts)
 A = Elapsed time spent in this place.
 B = Non-inter-level travel time spent in this place.
 C = Inter-level travel time spent in this place.
 D = Time resting spent in this place.
 E = Time spent auto-exploring this place.
 F = Levels seen in this place.
 G = Mean time per level.
                   A        B        C        D        E       F      G
               +--------+--------+--------+--------+--------+-----+--------+
         Total |   3530 |   3452 |     78 |    517 |   2388 |   4 |  882.5 |
       Dungeon |   3530 |   3452 |     78 |    517 |   2388 |   4 |  882.5 |
               +--------+--------+--------+--------+--------+-----+--------+

Top non-repeatable levels by time:
     D:2: 1312 daAuts
     D:1: 1075 daAuts
     D:3: 974 daAuts
     D:4: 168 daAuts
